 Dungeon Crawl Stone Soup version 0.17-a0-2069-g0f4ee5b (webtiles) character file.

100129 pk666 the Severer (level 15, 0/152 HPs)
             Began as a Minotaur Fighter on Oct 13, 2015.
             Was the Champion of Okawaru.
             Slain by a small abomination (15 damage)
             ... on level 1 of the Abyss.
             The game lasted 01:35:09 (27330 turns).

pk666 the Severer (Minotaur Fighter)               Turns: 27330, Time: 01:35:09

Health: 0/152      AC: 20    Str: 31    XL:     15   Next: 79%
Magic:  18/18      EV: 10    Int:  5    God:    Okawaru [******]
Gold:   1940       SH:  0    Dex:  6    Spells: 0 memorised, 14 levels left

rFire  + . .     SeeInvis +     C - +10 battleaxe of Odghiha {freeze, rElec rN+ Dex-5 Stlth+}
rCold  + . .     Clarity  .     Y - +4 scale mail {rC+}
rNeg   + + .     SustAt   .     (no shield)
rPois  .         Gourm    .     S - +0 hat
rElec  +         Spirit   .     (no cloak)
rCorr  +         Warding  .     R - +1 pair of gloves {archery}
rMut   .         Stasis   .     D - +2 pair of boots
MR     +....                    a - amulet of resist corrosion
Stlth  +.........               L - +3 ring of strength
                                N - ring "Xoammon" {+Blink rF+ rN+ Str+2 SInv}

@: finesse, somewhat resistant to hostile enchantments, very unstealthy
A: retaliatory headbutt, horns 2
a: Heroism, Finesse, Renounce Religion, Evoke Blink


You were on level 1 of the Abyss.
You worshipped Okawaru.
Okawaru was exalted by your worship.
You were hungry.

You visited 4 branches of the dungeon, and saw 24 of its levels.
You visited the Abyss 1 time.
You also visited: Ice Cave.

You collected 1940 gold pieces.

Inventory:

Hand Weapons
 C - the +10 battleaxe of Odghiha (weapon) {freeze, rElec rN+ Dex-5 Stlth+}
   (Okawaru gifted it to you on level 7 of the Lair of Beasts)

   It has been specially enchanted to freeze those struck by it, causing extra
   injury to most foes and up to half again as much damage against particularly
   susceptible opponents.
   It can also slow down cold-blooded creatures.
   It affects your dexterity (-5).
   It insulates you from electricity.
   It protects you from negative energy.
   It makes you more stealthy.
Armour
 D - a +2 pair of boots (worn)
 F - a +0 plate armour
 M - a +0 pair of gloves of dexterity
 R - a +1 pair of gloves of archery (worn)
 S - a +0 hat (worn)
 V - a +4 ring mail of cold resistance
 Y - a +4 scale mail of cold resistance (worn)
Jewellery
 a - an amulet of resist corrosion (around neck)
 c - the ring of Ephemeral Luck {rPois rC+ rN+}
   (You found it on level 8 of the Lair of Beasts)

   [ring of positive energy]

   It protects you from cold.
   It protects you from poison.
   It protects you from negative energy.
 o - an uncursed amulet of stasis
 p - a +4 ring of protection
 L - a +3 ring of strength (right hand)
 N - the ring "Xoammon" (left hand) {+Blink rF+ rN+ Str+2 SInv}
   (You found it on level 8 of the Lair of Beasts)

   [ring of strength]

   It affects your strength (+2).
   It protects you from fire.
   It protects you from negative energy.
   It lets you see invisible.
   It lets you blink.
Wands
 d - a wand of digging (21)
 n - a wand of fireball (0)
 T - a wand of fireball (6)
 U - a wand of invisibility (4)
Scrolls
 f - 6 scrolls of enchant weapon
 k - 5 scrolls of identify
 l - a scroll of magic mapping
 m - 12 scrolls of remove curse
 q - 2 scrolls of enchant armour
 v - 3 scrolls of fog
 w - 6 scrolls of teleportation
 y - 5 scrolls of recharging
 A - a scroll of brand weapon
 B - a scroll of immolation
 E - a scroll of acquirement
 H - a scroll of blinking
 J - a scroll of random uselessness {unknown}
 Q - 2 scrolls of silence
Potions
 b - 2 potions of berserk rage
 e - 8 potions of curing
 g - 3 potions of agility
 h - a potion of haste
 i - 2 potions of resistance
 r - 3 potions of lignification
 s - 4 potions of flight
 z - a potion of might
 K - a potion of invisibility
 W - a potion of magic
Books
 G - a book of Transfigurations

   Spells                             Type                      Level
   a - Stoneskin                      Transmutation/Earth          2
   b - Irradiate                      Conjuration/Transmutation    5
   c - Statue Form                    Transmutation/Earth          6
   d - Hydra Form                     Transmutation                6
   e - Dragon Form                    Transmutation                7
Comestibles
 j - 3 meat rations
 t - 4 chunks of flesh
 u - 16 royal jellies
 x - 11 bread rations
 I - 4 beef jerkies
 O - 11 slices of pizza
 P - 22 fruits


   Skills:
 + Level 19.4 Fighting
 - Level 20.0 Axes
 + Level 14.6 Armour
   Level 3.6 Shields
 + Level 6.6 Invocations


You had 14 spell levels left.
You didn't know any spells.

Dungeon Overview and Level Annotations

Branches:
Dungeon (11/15)            Temple (1/1) D:5            Lair (8/8) D:8
  Swamp (0/4) Lair:6       Spider (0/4) Lair:4        Slime (0/6) Lair:7
    Orc (4/4) D:11            Elf (0/3) Orc:3

Altars:
Ashenzari
Cheibriados
Dithmenos
Elyvilon
Fedhas
Gozag
Kikubaaqudgha
Makhleb
Nemelex Xobeh
Okawaru
Qazlal
Ru
Sif Muna
Trog
Vehumet
Xom
Yredelemnul
Zin
The Shining One
Jiyva

Shops:
D:9 (   Orc:2 }


Innate Abilities, Weirdness & Mutations

You reflexively headbutt those who attack you in melee.
You have a pair of horns on your head.


Message History

A starcursed mass comes into view.
You start resting.
Magic restored.
You start resting.
You feel like a meek peon again.
You start resting.
You start resting.
A small abomination comes into view.
The small abomination hits you!
* * * LOW HITPOINT WARNING * * *
A starcursed mass comes into view.
You hit the small abomination. You freeze the small abomination.
Your headbutt misses the small abomination.
The small abomination is lightly damaged.
The starcursed mass shrieks in your mind.
* * * LOW HITPOINT WARNING * * *
Your scale mail prevents you from hitting the small abomination.
The small abomination is lightly damaged.
The small abomination hits you!
You die...

. . . #. ###
#.#.###.#
#X.#.#..# #
#.....#
#.x.## .
#@.#.#.# #
##.....# ..
## #.#.#.#.#
#.. #...####
.
#...###..##.
3 # #. .##.
.. . ##
...... .#
#.. .#..###
[# . . .
..#.


You could see a starcursed mass and a small abomination.

Vanquished Creatures
  A bone dragon (Abyss:1)
  2 tentacled starspawn (Abyss:1)
  Gastronok (Lair:1)
  An angel (Abyss:1)
  Erolcha (D:8)
  Josephine (Lair:4)
  Harold (Lair:1)
  8 hydras
  A catoblepas (Lair:7)
  Erica (D:8)
  17 death yaks
  A queen ant (Lair:7)
  Nergalle (D:11)
  4 hill giants (D:10)
  3 ice statues (IceCv)
  Pikel (D:9)
  A lindwurm (Lair:8)
  2 orc sorcerers
  An orb spider (Lair:4)
  2 ugly things (D:11)
  A griffon (Lair:7)
  14 elephants
  A smoke demon (Abyss:1)
  9 black mambas
  Psyche (D:8)
  3 torpor snails
  7 fire drakes
  13 spiny frogs
  15 komodo dragons
  2 trolls
  A blue devil (Abyss:1)
  9 polar bears
  A giant leech (Lair:8)
  A freezing wraith (Abyss:1)
  34 blink frogs
  3 boulder beetles
  4 raiju
  A large abomination (Abyss:1)
  A ynoxinul (Abyss:1)
  A shadow (D:11)
  57 yaks
  4 wyverns
  4 basilisks
  2 steam dragons
  5 wraiths
  3 hungry ghosts
  2 hogs (D:9)
  10 hippogriffs
  A human (D:9)
  3 soldier ants (Lair:7)
  10 wargs
  Menkaure (D:5)
  Edmund (D:5)
  22 wolves
  12 water moccasins
  3 hell hounds (Lair:8)
  14 black bears
  11 ice beasts
  9 porcupines
  4 sky beasts
  A slave (D:9)
  3 phantoms
  4 ogres
  35 crocodiles
  10 orc warriors
  6 centaurs
  4 necrophages (Lair:3)
  21 giant frogs
  A big kobold (D:3)
  2 troll zombies (D:11)
  4 scorpions
  13 wights
  4 killer bees (D:8)
  18 hounds
  4 jellies
  14 starcursed masses (Abyss:1)
  A centaur zombie (D:8)
  6 crimson imps
  2 electric eels (Lair:3)
  A giant frog zombie (D:11)
  A quasit (D:9)
  4 centaur skeletons
  11 orc priests
  27 worker ants
  A gnoll shaman (D:9)
  19 iguanas
  21 orc wizards
  20 sheep
  6 ogre zombies (D:11)
  3 worker ant zombies
  Robin (D:4)
  18 adders
  14 gnolls
  36 river rats
  4 shadow imps
  14 white imps
  3 oozes
  An adder zombie (D:8)
  6 worms
  2 adder skeletons
  9 giant geckos
  98 orcs
  2 ball pythons
  7 giant cockroaches
  10 hobgoblins
  16 jackals
  11 bats
  A giant gecko skeleton (D:6)
  10 giant newts
  23 goblins
  2 goblin skeletons (D:11)
  3 goblin zombies (D:11)
  2 hobgoblin skeletons (D:11)
  3 hobgoblin zombies (D:11)
  2 jackal skeletons
  8 kobolds
  An orc skeleton (D:11)
  14 orc zombies (D:11)
  4 quokkas
  4 rats
  A butterfly (D:5)
  10 fungi
  9 plants
  A starspawn tentacle (Abyss:1)
968 creatures vanquished.

Vanquished Creatures (others)
  A small abomination (Abyss:1)
  A bush (Lair:7)
  16 fungi
  16 plants
  3 starspawn tentacles (Abyss:1)
  15 starspawn tentacle segments (Abyss:1)
52 creatures vanquished.

Grand Total: 1020 creatures vanquished

Notes
Turn   | Place    | Note
--------------------------------------------------------------
     0 | D:1      | pk666 the Minotaur Fighter began the quest for the Orb.
     0 | D:1      | Reached XP level 1. HP: 19/19 MP: 0/0
   109 | D:1      | Reached skill level 4 in Armour
   109 | D:1      | Reached XP level 2. HP: 22/27 MP: 1/1
   464 | D:1      | Reached XP level 3. HP: 23/33 MP: 2/2
  1155 | D:2      | Reached XP level 4. HP: 39/41 MP: 3/3
  1906 | D:3      | Noticed a big kobold
  1917 | D:3      | Killed a big kobold
  1917 | D:3      | Reached skill level 5 in Fighting
  1917 | D:3      | Reached skill level 5 in Armour
  1917 | D:3      | Reached XP level 5. HP: 37/48 MP: 4/4
  2005 | D:3      | Found a glowing golden altar of the Shining One.
  2015 | D:3      | Found an iron altar of Okawaru.
  2015 | D:3      | Found a snail-covered altar of Cheibriados.
  2027 | D:3      | Became a worshipper of Warmaster Okawaru
  2903 | D:4      | Reached XP level 6. HP: 56/56 MP: 5/5
  2916 | D:4      | Found a deep blue altar of Sif Muna.
  3322 | D:4      | Reached skill level 5 in Axes
  3399 | D:4      | Noticed Robin
  3408 | D:4      | Killed Robin
  3511 | D:4      | Reached skill level 6 in Fighting
  3665 | D:4      | Noticed a phantom
  3678 | D:4      | Killed a phantom
  3678 | D:4      | Reached * piety under Okawaru
  3678 | D:4      | Reached XP level 7. HP: 62/64 MP: 6/6
  3775 | D:4      | Found a sparkling altar of Nemelex Xobeh.
  4177 | D:4      | Found a shimmering altar of Xom.
  4247 | D:5      | Entered Level 5 of the Dungeon
  4260 | D:4      | Reached skill level 7 in Fighting
  4546 | D:5      | Found a staircase to the Ecumenical Temple.
  4554 | Temple   | Entered the Ecumenical Temple
  4689 | D:5      | Noticed Menkaure
  4691 | D:5      | Noticed Edmund
  4698 | D:5      | Killed Menkaure
  4703 | D:5      | Killed Edmund
  4703 | D:5      | Reached XP level 8. HP: 7/74 MP: 7/7
  5055 | D:5      | Found a blossoming altar of Fedhas.
  5316 | D:5      | Reached ** piety under Okawaru
  5316 | D:5      | Reached skill level 8 in Fighting
  6093 | D:6      | Found a sacrificial altar of Ru.
  6102 | D:6      | Reached *** piety under Okawaru
  6102 | D:6      | Reached skill level 9 in Fighting
  6282 | D:6      | Reached XP level 9. HP: 24/83 MP: 8/8
  6776 | D:7      | Found an opulent altar of Gozag.
  6871 | D:7      | Reached skill level 10 in Axes
  7145 | D:7      | Found a sacrificial altar of Ru.
  7631 | D:8      | Noticed Erica
  7708 | D:8      | Reached skill level 11 in Axes
  7788 | D:8      | Reached skill level 10 in Fighting
  7792 | D:8      | Killed Erica
  7792 | D:8      | Reached **** piety under Okawaru
  7792 | D:8      | Reached skill level 12 in Axes
  8114 | D:8      | Reached XP level 10. HP: 73/94 MP: 9/9
  8202 | D:8      | Noticed Erolcha
  8226 | D:8      | Killed Erolcha
  8226 | D:8      | Reached ***** piety under Okawaru
  8372 | D:8      | Reached skill level 13 in Axes
  8652 | D:8      | Noticed Psyche
  8657 | D:8      | Killed Psyche
  8747 | D:8      | Found a staircase to the Lair.
  9496 | D:8      | Reached skill level 14 in Axes
  9547 | Lair:1   | Entered Level 1 of the Lair of Beasts
  9759 | Lair:1   | Received a gift from Okawaru
  9771 | Lair:1   | Reached XP level 11. HP: 36/104 MP: 10/10
 10311 | Lair:1   | Reached skill level 15 in Axes
 10387 | Lair:1   | Noticed a black mamba
 10395 | Lair:1   | Killed a black mamba
 10687 | Lair:1   | Noticed a black mamba
 10697 | Lair:1   | Killed a black mamba
 10953 | Lair:1   | Noticed Gastronok
 10977 | Lair:1   | Killed Gastronok
 10977 | Lair:1   | Reached skill level 16 in Axes
 11256 | Lair:1   | Noticed Harold
 11268 | Lair:1   | Killed Harold
 11268 | Lair:1   | Reached ****** piety under Okawaru
 11268 | Lair:1   | Received a gift from Okawaru
 12166 | Lair:1   | Noticed a six-headed hydra
 13133 | Lair:2   | Reached XP level 12. HP: 68/115 MP: 11/11
 13190 | Lair:2   | Noticed a five-headed hydra
 13676 | Lair:3   | Reached skill level 17 in Axes
 14951 | Lair:3   | You fall through a shaft!
 15228 | Lair:4   | Found a frozen archway.
 15266 | IceCv    | Entered an ice cave
 15918 | IceCv    | Identified the Volume of the Carpenter
 16053 | Lair:4   | Received a gift from Okawaru
 16053 | Lair:4   | Reached skill level 15 in Fighting
 16073 | Lair:4   | Noticed a four-headed hydra
 16082 | Lair:4   | Killed an eight-headed hydra
 16082 | Lair:4   | Reached skill level 10 in Armour
 16161 | Lair:4   | Noticed Josephine
 16180 | Lair:4   | Killed Josephine
 16191 | Lair:4   | Reached XP level 13. HP: 54/127 MP: 12/12
 16493 | Lair:4   | Found a hole to the Spider Nest.
 17137 | Lair:4   | Received a gift from Okawaru
 17142 | Lair:4   | Got a creamy pearl robe {god gift}
 17153 | Lair:4   | Identified the +2 robe of the Blizzard {rPois rN+ Str+3} (Okawaru gifted it to you on level 4 of the Lair of Beasts)
 19023 | Lair:6   | Received a gift from Okawaru
 19178 | Lair:6   | Found a staircase to the Swamp.
 19678 | Lair:7   | Reached skill level 18 in Axes
 19753 | Lair:7   | Reached XP level 14. HP: 124/140 MP: 13/13
 20071 | Lair:7   | Found a runed door.
 20660 | Lair:7   | Reached skill level 19 in Axes
 21550 | Lair:7   | Received a gift from Okawaru
 21559 | Lair:7   | Got an iridescent battleaxe {god gift}
 21560 | Lair:7   | Identified the +10 battleaxe of Odghiha {freeze, rElec rN+ Dex-5 Stlth+} (Okawaru gifted it to you on level 7 of the Lair of Beasts)
 21752 | Lair:7   | Found a viscous altar of Jiyva.
 21754 | Lair:7   | Found a staircase to the Slime Pits.
 21796 | Lair:8   | Entered Level 8 of the Lair of Beasts
 22223 | Lair:8   | Got a glittering granite ring
 22335 | Lair:8   | Reached skill level 20 in Axes
 22340 | Lair:8   | Reached skill level 1 in Invocations
 22497 | Lair:8   | Received a gift from Okawaru
 22702 | Lair:8   | Reached XP level 15. HP: 140/150 MP: 15/15
 23097 | Lair:8   | Got a brightly glowing steel ring
 23099 | Lair:8   | Identified the ring of Ephemeral Luck {rPois rC+ rN+} (You found it on level 8 of the Lair of Beasts)
 23101 | Lair:8   | Identified the ring "Xoammon" {+Blink rF+ rN+ Str+2 SInv} (You found it on level 8 of the Lair of Beasts)
 23234 | Lair:8   | Identified a scroll of acquirement
 24188 | D:9      | Found Mefiel's Antique Weapon Emporium.
 24222 | D:9      | Noticed Pikel
 24228 | D:9      | Killed Pikel
 24611 | D:10     | Entered Level 10 of the Dungeon
 25195 | D:11     | Found a staircase to the Orcish Mines.
 25259 | D:11     | Noticed Nergalle
 25270 | D:11     | Killed Nergalle
 25401 | D:11     | Reached skill level 5 in Invocations
 25911 | Orc:1    | Entered Level 1 of the Orcish Mines
 26084 | Orc:2    | Found Maso's Gadget Shoppe.
 26376 | Orc:4    | Entered Level 4 of the Orcish Mines
 26453 | Orc:3    | Found a staircase to the Elven Halls.
 26823 | Orc:3    | Cast into the Abyss (orc warlord)
 26823 | Abyss:1  | Found a corrupted altar of Lugonu.
 26864 | Abyss:1  | Noticed a bone dragon
 26879 | Abyss:1  | Killed a bone dragon
 26970 | Abyss:1  | Noticed a tentacled starspawn
 26977 | Abyss:1  | Killed a tentacled starspawn
 26989 | Abyss:1  | Noticed a tentacled starspawn
 26993 | Abyss:1  | Killed a tentacled starspawn
 27039 | Abyss:1  | HP: 6/152 [freezing wraith (9)]
 27053 | Abyss:1  | HP: 3/152 [starcursed mass/accursed screaming (8)]
 27085 | Abyss:1  | HP: 7/152 [something/ball of steam (7)]
 27258 | Abyss:1  | HP: 4/152 [angel/whip of holy wrath (12)]
 27260 | Abyss:1  | Received a gift from Okawaru
 27330 | Abyss:1  | Slain by a small abomination

Vault maps used:
D:1:      dpeg_arrival_lava_temple_mockup, minmay_statues_item
D:2:      serial_bayou, serial_bayou_shore_b, serial_bayou_pond_b,
          serial_bayou_pond_b, serial_bayou_lagoon_a, serial_bayou_pond_d,
          serial_bayou_lagoon_b, kennysheep_cross_bottleneck
D:3:      minitemple
D:4:      kennysheep_goblin_castle, old_standard_altar, tgw_xom, first_bread,
          led_sif_book
D:5:      fedhas_bush_and_centaur_altar, minmay_temple_entry_butterflies,
          uniq_edmund, uniq_menkaure
D:6:      portal_sewer_entry_d, nicolae_ru_awakened_eye
D:7:      overflow_temple_1_default, basic_altar, grunt_ministairs_10,
          minmay_fire_ice_demons
D:8:      lair_0_dummy, uniq_psyche, uniq_erica, uniq_erolcha
D:9:      serial_shops, kennysheep_mini_moat, grunt_livestock, uniq_pikel
D:10:     roderic_lattice_a
D:11:     zombieorc2_lemuel, uniq_nergalle
Temple:   circular_temple_12
Lair:1:   lemuel_reptile_caves, uniq_harold, uniq_gastronok
Lair:3:   beast_lair_carwin_large_3, serial_bayou, serial_bayou_ford_a,
          serial_bayou_pond_d, serial_bayou_crossing, serial_bayou_pond_d,
          roderic_carrion_pond
Lair:4:   nicolae_spider_entry_orb_guardian, portal_ice_cave_entry_imps,
          uniq_josephine
Lair:5:   hibernation_bobbens
Lair:6:   swamp_mist_pool
Lair:7:   beast_lair_carwin_large_4, slime_altar_2,
          nicolae_quartered_pool_little, minmay_another_anthill
Lair:8:   hangedman_lair_in_review, hangedman_lair_caniforms_friends,
          grunt_forest_large_clearings
Orc:1:    nicolae_orc_lava_room
Orc:2:    serial_shops, shop
Orc:3:    nicolae_orc_pool_cavern, mines_bat_river
Orc:4:    st_orc_open, basic_altar, mines5_lemuel
IceCv:    ice_cave_statue_garden_02

Action                   |  1- 3 |  4- 6 |  7- 9 | 10-12 | 13-15 || total
-------------------------+-------+-------+-------+-------+-------++-------
Melee: War axe           |    72 |   177 |   327 |   607 |       ||  1183
       Battleaxe         |       |       |       |    44 |  1005 ||  1049
Invok: Heroism           |       |       |       |     3 |    10 ||    13
       Finesse           |       |       |       |     1 |     1 ||     2
Evoke: Wand              |       |       |       |     3 |     3 ||     6
  Use: Potion            |       |       |     5 |     2 |     5 ||    12
       Scroll            |       |       |     6 |     8 |    16 ||    30
 Stab: Distracted        |       |       |       |       |     1 ||     1
       Sleeping          |       |       |       |       |     1 ||     1
  Eat: Chunk             |       |     9 |    10 |    24 |    37 ||    80
       Bread ration      |       |       |     1 |       |       ||     1
       Fruit             |       |       |       |     2 |     1 ||     3
       Beef jerky        |       |       |       |     1 |       ||     1
